 Dungeon Crawl Stone Soup version 0.29-a0-284-gf9362112df (webtiles) character file.

Game seed: 10970100269833626732

7 spaghetti the Sneak (level 2, -1/21 HPs)
             Began as an Octopode Delver on Mar 19, 2022.
             Slain by a scorpion (5 damage)
             ... on level 4 of the Dungeon.
             The game lasted 00:00:50 (216 turns).

spaghetti the Sneak (Octopode Delver)                Turns: 216, Time: 00:00:51

Health: -1/21      AC:  1    Str: 11    XL:     2   Next: 4%
Magic:  2/2        EV: 13    Int: 12    God:
Gold:   43         SH:  0    Dex: 13    Spells: 1/1 levels left

rFire   . . .      SeeInvis .   a - +0 short sword {short}
rCold   . . .      Faith    .   (no shield)
rNeg    . . .      Spirit   .   (helmet restricted)
rPois   .          Reflect  .   (no amulet)
rElec   .          Harm     .   (no ring)
rCorr   .          Rampage  .   (no ring)
Will    .....                   (no ring)
Stlth   ++++......              (no ring)
HPRegen 0.07/turn               (no ring)
MPRegen 0.08/turn               (no ring)
                                (no ring)
                                (no ring)

@: hasted, very quick
A: almost no armour, amphibious, 8 rings, camouflage 1, gelatinous body 1,
(nimble swimmer 1), tentacles
a: no special abilities


You were on level 4 of the Dungeon.
You visited 1 branch of the dungeon, and saw 2 of its levels.

You collected 43 gold pieces.


Innate Abilities, Weirdness & Mutations

You cannot wear most types of armour.
You are amphibious.
You can wear up to eight rings at the same time.
Your skin changes colour to match your surroundings (Stealth+).
Your rubbery body absorbs attacks. (AC +1, EV +1)
((You are camouflaged when in or above water. (Stealth+)))
You have tentacles for arms and can constrict up to eight enemies at once.


   Skills:
 - Level 3.0 Fighting
 - Level 2.0 Short Blades
 + Level 2.7 Dodging
 - Level 6.6 Stealth


You had one spell level left.
You didn't know any spells.
Your spell library was empty.

Inventory:

Hand Weapons
 a - a +0 short sword (weapon) {short}
Wands
 f - a wand of digging (3)
 g - a wand of flame (3)
   (You found it on level 4 of the Dungeon)
Scrolls
 b - a scroll of fog
 c - a scroll of magic mapping {!r}
 d - a scroll of fear
 h - a scroll of blinking {unknown}
Potions
 i - a potion of brilliance {unknown}
 j - a potion of heal wounds {unknown}

Dungeon Overview and Level Annotations

Branches:
Dungeon (5/15)
 Temple: D:4-7

Altars:

#h.
##.....###.⌠.###..
#s
##.##..#.#.###..# #
#.#..#h###†#.#..
#.#.#.⌠.###.♣.#.
##.##..#.#.###.#..
##.###..####.####..
... #...##.⌠.##.#.
#s# #...h##.##.##.
#@# #......#......
#.# ######...####.
#h# ####h..# #. #.#
#....#.# #. #.#
#h##.#.#### #.#
#....#....#
#.######.#######.#
#...h.......#.....
###########.#.####


You could see a black bear and a scorpion.


Message History

🤖 Initializing magus.rc ...
Options error: Delay interrupt name "hungry" not recognised. (~/.crawlrc:4761) Options error: Bad monster_list_colour key: strict_neutral (~/.crawlrc:4776) ✅ Successfully initialized magus.rc [v1.9.6] Welcome, spaghetti the Octopode Delver.
They say the Orb of Zot lies within this dungeon, but they say a lot of things.
Press ? for a list of commands and other information.
Found 17 gold pieces.
Found two stone staircases leading down.
You now have 17 gold pieces.
Found a stone staircase leading up.
You now have 30 gold pieces (gained 13).
An adder comes into view.
There is a stone staircase leading up here.
You climb upwards.
There is a stone staircase leading down here.
Unknown command.
You now have 43 gold pieces (gained 13).
A quokka comes into view.
You barely miss the quokka. You grab the quokka.
You constrict the quokka, but do no damage.
The quokka completely misses you.
You barely miss the quokka. Your squeeze misses the quokka.
You constrict the quokka. The quokka bites you. 😮 HP[-4]
You take 4 damage, and now have 12/16 hp.
MASSIVE DAMAGE!! (PAUSE)
You hit the quokka but do no damage. You constrict the quokka.
The quokka closely misses you.
You hit the quokka. You squeeze the quokka.
You kill the quokka!
You start resting. 😎 HP[+4]
Your hp is fully restored (16).
You see here a quokka corpse.
g - a wand of flame (3)
h - a scroll labelled JODEPO SYAGYZE
There are no items here.
i - an orange potion
j - a pink potion
There is a dry fountain here.
An orc comes into view.
It is wielding a +0 dagger and quivering atropa-tipped darts.
Unknown command.
(D) Dungeon
Where to? (? - help)
You see here a quokka corpse.
An orc comes into view. It is wielding a +0 club.
The orc shouts!
You hear a shout! x2
The orc moves out of view.
You hit the orc but do no damage. You grab the orc. You squeeze the orc.
You constrict the orc.
The orc hits you with a +0 dagger. 😕 HP[-3]
You take 3 damage, and now have 13/16 hp.
You barely miss the orc. You squeeze the orc.
You kill the orc!
An orc comes into view. It is wielding a +0 hand axe.
You closely miss the orc. Your grab misses the orc. You squeeze the orc.
You closely miss the orc. You grab the orc. You constrict the orc.
You hit the orc. You constrict the orc.
The orc hits you with a +0 club. 😮 HP[-4]
You take 4 damage, and now have 9/16 hp.
MASSIVE DAMAGE!! (PAUSE)
You barely miss the orc. You constrict the orc.
You kill the orc!
You hit the orc. Your grab misses the orc. Your squeeze misses the orc.
The orc hits you with a +0 hand axe.
* * * LOW HITPOINT WARNING * * *
😨 HP[-2]
You take 2 damage, and now have 7/16 hp.
You hit the orc. Your grab misses the orc. The orc barely misses you.
You hit the orc.
You kill the orc!
You have reached level 2! 😨 HP[+2] MP[+1]
You now have 21 max hp (+5).
You regained 2 hp, and now have 9/21 hp.
Your mp is fully restored (2).
You start resting.
A black bear is nearby!
The black bear growls angrily. 😨 HP[+1] 😮 HP[+1]
You hit the scorpion but do no damage. Your grab misses the scorpion.
You squeeze the scorpion! The scorpion stings you!
* * * LOW HITPOINT WARNING * * *
😱 HP[-7]
You take 7 damage, and now have 4/21 hp.
MASSIVE DAMAGE!! (PAUSE)
You feel yourself speed up. The scorpion stings you.
You die...

Action                   || total
-------------------------++-------
Melee: Short sword       ||    14
       Tentacles         ||     5
       Constrict         ||     3
  Use: Potion            ||     1
Dodge: Dodged            ||     3

Levels and vault maps discovered:
D:4:      layout_loops_cross, temple_green, grunt_decor_mini_mirrors,
          minmay_puff
D:5:      layout_cave_pods

Notes
Turn   | Place    | Note
-------+----------+-------------------------------------------
     0 | D:5      | spaghetti the Octopode Delver began the quest for the Orb.
     0 | D:5      | Reached XP level 1. HP: 16/16 MP: 1/1
     0 | D:5      | magus.rc [v1.9.6]
    17 | D:4      | Noticed a black bear
    17 | D:4      | Noticed a scorpion
   183 | D:4      | Reached XP level 2. HP: 9/21 MP: 2/2
   215 | D:4      | HP: 4/21 [scorpion (7)]
   216 | D:4      | Slain by a scorpion

Vanquished Creatures
  3 orcs (D:4)
  A quokka (D:4)
4 creatures vanquished.

Table legend:
 A = Non-vault XP
 B = Vault XP
 C = Vault XP percentage of total XP
 D = Non-vault monster count
 E = Vault monster count
 F = Vault count percentage of total count
                 A         B        C        D         E       F
            +---------+---------+-------+---------+---------+-------
      Total |      11 |       0 |   0.0 |       4 |       0 |   0.0
            +---------+---------+-------+---------+---------+-------
        D:4 |      11 |       0 |   0.0 |       4 |       0 |   0.0
            +---------+---------+-------+---------+---------+-------

Illustrated notes

Table legend:
 A = Kills in this place as a percentage of kills in entire the game.
 B = Kills by you in this place as a percentage of kills by you in the entire game.
 C = Kills by friends in this place as a percentage of kills by friends in the entire game.
 D = Other kills in this place as a percentage of other kills in the entire game.
 E = Experience gained in this place as a percentage of experience gained in the entire game.
 F = Experience gained in this place divided by the number of levels of this place that you have seen.
                   A       B       C       D       E      F
               +-------+-------+-------+-------+-------+----------------------
         Total | 100.0 | 100.0 |   N/A |   N/A | 100.0 |   5.5
       Dungeon | 100.0 | 100.0 |   N/A |   N/A | 100.0 |   5.5
               +-------+-------+-------+-------+-------+----------------------

Table legend: (Time is in decaauts)
 A = Elapsed time spent in this place.
 B = Non-inter-level travel time spent in this place.
 C = Inter-level travel time spent in this place.
 D = Time resting spent in this place.
 E = Time spent auto-exploring this place.
 F = Levels seen in this place.
 G = Mean time per level.
                   A        B        C        D        E       F      G
               +--------+--------+--------+--------+--------+-----+--------+
         Total |    215 |    201 |     14 |     67 |     36 |   2 |  107.5 |
       Dungeon |    215 |    201 |     14 |     67 |     36 |   2 |  107.5 |
               +--------+--------+--------+--------+--------+-----+--------+

Top non-repeatable levels by time:
     D:4: 198 daAuts
     D:5: 17 daAuts
